TOP OF THE 1ST |
---|
Gainesville Guidos batting - Pitching for Beaumont Roughnecks : RHP Mike Marks | Pitching: RHP Mike Marks | | Batting: LHB Manuel Ortega | 0-0: Ball 1-0: Foul Ball, location: 2F 1-1: Ball 2-1: Called Strike 2-2: Foul Ball, location: 2F 2-2: Strikes out swinging | Batting: RHB Doug Coleman | 0-0: Called Strike 0-1: Ground out 6-3 (Groundball, 6) | Batting: LHB José Delgado | 0-0: Ball 1-0: Called Strike 1-1: Called Strike 1-2: Ball 2-2: Ball 3-2: Strikes out swinging | Top of the 1st over - 0 runs, 0 hits, 0 errors, 0 left on base; Gainesville 0 - Beaumont 0 | BOTTOM OF THE 1ST |
---|
Beaumont Roughnecks batting - Pitching for Gainesville Guidos : RHP Juan De Jesús | Pitching: RHP Juan De Jesús | | Batting: RHB John James | 0-0: Ball 1-0: Ball 2-0: Ball 3-0: Called Strike 3-1: Ground out 4-3 (Groundball, 4S) | Batting: RHB Darwin Crane | 0-0: Called Strike 0-1: Ball 1-1: SINGLE (Line Drive, 78S) | Batting: RHB Roger Rush | 0-0: Ball 1-0: Swinging Strike 1-1: Ball 2-1: Foul Ball, location: 2F 2-2: Ball 3-2: Base on Balls Darwin Crane to second | Batting: RHB Si-xun Li | 0-0: Called Strike 0-1: Foul Ball, location: 2F 0-2: Ball 1-2: Foul Ball, location: 2F 1-2: Ball 2-2: Foul Ball, location: 2F 2-2: Foul Ball, location: 2F 2-2: Ball 3-2: Strikes out swinging | Batting: RHB Marvin Johnson | 0-0: Ball 1-0: Ground out U3 (Groundball, 34S) | Bottom of the 1st over - 0 runs, 1 hit, 0 errors, 2 left on base; Gainesville 0 - Beaumont 0 | TOP OF THE 2ND |
---|
Gainesville Guidos batting - Pitching for Beaumont Roughnecks : RHP Mike Marks | Batting: RHB Augusto Baca | 0-0: Ball 1-0: Ball 2-0: Called Strike 2-1: Ball 3-1: SOLO HOME RUN (Flyball, 78XD), Distance : 411 ft | Batting: RHB Adrián López | 0-0: SINGLE (Groundball, 6D) | Batting: SHB António Ramírez | 0-0: Foul Ball, location: 2F 0-1: Called Strike 0-2: Ground out 4-3 (Groundball, 34D) Adrián López to second | Batting: LHB Eddy Jefferson | 0-0: Called Strike 0-1: Foul Ball, location: 2F 0-2: Foul Ball, location: 2F 0-2: Ball 1-2: Ball 2-2: Foul Ball, location: 2F 2-2: Ground out 3-1 (Groundball, 3S) Adrián López to third | Batting: SHB Cornell Payne | 0-0: Foul Ball, location: 2F 0-1: Ball 1-1: Ball 2-1: Ball 3-1: Foul Ball, location: 2F 3-2: Strikes out swinging | Top of the 2nd over - 1 run, 2 hits, 0 errors, 1 left on base; Gainesville 1 - Beaumont 0 | BOTTOM OF THE 2ND |
---|
Beaumont Roughnecks batting - Pitching for Gainesville Guidos : RHP Juan De Jesús | Batting: RHB John Wilson | 0-0: Ball 1-0: Ball 2-0: Ball 3-0: Base on Balls | Batting: RHB António Aguilar | 0-0: Ball 1-0: Ball 2-0: Called Strike 2-1: Called Strike 2-2: Ball 3-2: Reached on error, E4 (Groundball, 4MS) John Wilson to second | Batting: RHB Andrew O'Dell | 0-0: Foul Ball, location: 2F 0-1: Foul Ball, location: 2F 0-2: Strikes out swinging | Batting: RHB Jeff Mason | 0-0: Grounds into double play, 6-4-3 (Groundball, 6) | Bottom of the 2nd over - 0 runs, 0 hits, 1 error, 1 left on base; Gainesville 1 - Beaumont 0 | TOP OF THE 3RD |
---|
Gainesville Guidos batting - Pitching for Beaumont Roughnecks : RHP Mike Marks | Batting: RHB Craig Chapman | 0-0: Called Strike 0-1: Foul Ball, location: 2F 0-2: Ball 1-2: Fly out, F5 (Line Drive, 5) | Batting: LHB Manuel Ortega | 0-0: Called Strike 0-1: Ball 1-1: Ball 2-1: Ball 3-1: Foul Ball, location: 2F 3-2: SINGLE (Line Drive, 4) | Batting: RHB Doug Coleman | 0-0: Ball Manuel Ortega is caught stealing 2nd base 1-0: Called Strike 1-1: Swinging Strike 1-2: Strikes out swinging | Top of the 3rd over - 0 runs, 1 hit, 0 errors, 0 left on base; Gainesville 1 - Beaumont 0 | BOTTOM OF THE 3RD |
---|
Beaumont Roughnecks batting - Pitching for Gainesville Guidos : RHP Juan De Jesús | Batting: RHB John James | 0-0: Foul Ball, location: 2F 0-1: Ball 1-1: Ball 2-1: Ground out 6-3 (Groundball, 6) | Batting: RHB Darwin Crane | 0-0: Called Strike 0-1: Ground out U3 (Groundball, 34) | Batting: RHB Roger Rush | 0-0: Called Strike 0-1: Ground out 6-3 (Groundball, 6) | Bottom of the 3rd over - 0 runs, 0 hits, 0 errors, 0 left on base; Gainesville 1 - Beaumont 0 | TOP OF THE 4TH |
---|
Gainesville Guidos batting - Pitching for Beaumont Roughnecks : RHP Mike Marks | Batting: LHB José Delgado | 0-0: Swinging Strike 0-1: Called Strike 0-2: Strikes out swinging | Batting: RHB Augusto Baca | 0-0: Called Strike 0-1: Ball 1-1: Ball 2-1: Ball 3-1: Base on Balls | Batting: RHB Adrián López | 0-0: Called Strike 0-1: Called Strike 0-2: Fly out, F8 (Flyball, 8LD) | Batting: SHB António Ramírez | 0-0: Ball 1-0: Foul Ball, location: 2F 1-1: Called Strike 1-2: Foul Ball, location: 2F 1-2: Foul Ball, location: 2F 1-2: Ball 2-2: Foul Ball, location: 2F 2-2: Strikes out swinging | Top of the 4th over - 0 runs, 0 hits, 0 errors, 1 left on base; Gainesville 1 - Beaumont 0 | BOTTOM OF THE 4TH |
---|
Beaumont Roughnecks batting - Pitching for Gainesville Guidos : RHP Juan De Jesús | Batting: RHB Si-xun Li | 0-0: Foul Ball, location: 2F 0-1: Ball 1-1: Foul Ball, location: 2F 1-2: Ball 2-2: Ball 3-2: Foul Ball, location: 2F 3-2: Foul Ball, location: 2F 3-2: Base on Balls | Batting: RHB Marvin Johnson | 0-0: Ball 1-0: Ball 2-0: Ball 3-0: Called Strike 3-1: Fly out, F8 (Line Drive, 8LM) | Batting: RHB John Wilson | 0-0: Ball 1-0: Ball 2-0: Swinging Strike 2-1: Called Strike 2-2: Ground out 4-3 (Groundball, 34) Si-xun Li to second | Batting: RHB António Aguilar | 0-0: Called Strike 0-1: Ball 1-1: Called Strike 1-2: Ground out 4-3 (Groundball, 4MD) | Bottom of the 4th over - 0 runs, 0 hits, 0 errors, 1 left on base; Gainesville 1 - Beaumont 0 | TOP OF THE 5TH |
---|
Gainesville Guidos batting - Pitching for Beaumont Roughnecks : RHP Mike Marks | Batting: LHB Eddy Jefferson | 0-0: Ball 1-0: Ball 2-0: SINGLE (Line Drive, 56) | Pitching: RHP Cliff Wolfe | | Batting: SHB Cornell Payne | 0-0: Ball 1-0: Called Strike 1-1: SINGLE (Groundball, 34D) Eddy Jefferson to second Runner from 2nd tries for 3rd, SAFE, throw made to third | Batting: RHB Craig Chapman | 0-0: Swinging Strike 0-1: Foul Ball, location: 2F 0-2: Strikes out looking | Batting: LHB Manuel Ortega | 0-0: Ball 1-0: Foul Ball, location: 2F 1-1: Ball 2-1: Ball 3-1: Called Strike 3-2: Strikes out swinging Cornell Payne is caught stealing 2nd base Batter strikes out. | Top of the 5th over - 0 runs, 2 hits, 0 errors, 1 left on base; Gainesville 1 - Beaumont 0 | BOTTOM OF THE 5TH |
---|
Beaumont Roughnecks batting - Pitching for Gainesville Guidos : RHP Juan De Jesús | Batting: RHB Andrew O'Dell | 0-0: Called Strike 0-1: Foul Ball, location: 2F 0-2: Strikes out swinging | Batting: RHB Jeff Mason | 0-0: Ball 1-0: Ball 2-0: Called Strike 2-1: Ball 3-1: Base on Balls | Batting: RHB John James | 0-0: Foul Ball, location: 2F 0-1: Ball Passed Ball! Jeff Mason to second 1-1: Foul Ball, location: 2F 1-2: Strikes out looking | Batting: RHB Darwin Crane | 0-0: Ball 1-0: Ball 2-0: Called Strike 2-1: Ground out 6-3 (Groundball, 6) | Bottom of the 5th over - 0 runs, 0 hits, 0 errors, 1 left on base; Gainesville 1 - Beaumont 0 | TOP OF THE 6TH |
---|
Gainesville Guidos batting - Pitching for Beaumont Roughnecks : RHP Cliff Wolfe | Batting: RHB Doug Coleman | 0-0: Ball 1-0: DOUBLE (Line Drive, 7LD) | Batting: LHB José Delgado | 0-0: Called Strike 0-1: Called Strike 0-2: Strikes out swinging | Batting: RHB Augusto Baca | 0-0: Called Strike 0-1: Called Strike 0-2: Ball 1-2: Strikes out swinging | Batting: RHB Adrián López | 0-0: Ball 1-0: Ball 2-0: Fly out, F8 (Flyball, 89M) | Top of the 6th over - 0 runs, 1 hit, 0 errors, 1 left on base; Gainesville 1 - Beaumont 0 | BOTTOM OF THE 6TH |
---|
Beaumont Roughnecks batting - Pitching for Gainesville Guidos : RHP Juan De Jesús | Batting: RHB Roger Rush | 0-0: Ground out 6-3 (Groundball, 56) | Batting: RHB Si-xun Li | 0-0: SINGLE (Groundball, 5) (infield hit) | Batting: RHB Marvin Johnson | 0-0: Called Strike 0-1: Grounds into double play, 5-4-3 (Groundball, 56) | Bottom of the 6th over - 0 runs, 1 hit, 0 errors, 0 left on base; Gainesville 1 - Beaumont 0 | TOP OF THE 7TH |
---|
Gainesville Guidos batting - Pitching for Beaumont Roughnecks : RHP Cliff Wolfe | Batting: SHB António Ramírez | 0-0: Called Strike 0-1: Ball 1-1: Ball 2-1: SINGLE (Line Drive, 34D) | Batting: LHB Eddy Jefferson | 0-0: Called Strike António Ramírez is caught stealing 2nd base 0-1: Ball 1-1: Foul Ball, location: 2F 1-2: Ball 2-2: TRIPLE (Line Drive, 89XD) | Batting: SHB Cornell Payne | 0-0: Fly out, F9 (Flyball, 89D) Runner from 3rd tags up, SCORES, throw made | Batting: RHB Craig Chapman | 0-0: Ball 1-0: Foul Ball, location: 2F 1-1: Called Strike 1-2: SINGLE (Flyball, 7LS) | Batting: LHB Manuel Ortega | 0-0: Ball 1-0: Foul Ball, location: 2F 1-1: Fly out, F4 (Popup, 4S) | Top of the 7th over - 1 run, 3 hits, 0 errors, 1 left on base; Gainesville 2 - Beaumont 0 | BOTTOM OF THE 7TH |
---|
Beaumont Roughnecks batting - Pitching for Gainesville Guidos : RHP Juan De Jesús | Batting: RHB John Wilson | 0-0: Ball 1-0: Ball 2-0: SINGLE (Line Drive, 6D) | Batting: RHB António Aguilar | 0-0: Sac Bunt - play at first, batter OUT! 1-3 John Wilson to second | Batting: RHB Andrew O'Dell | 0-0: Ball 1-0: Swinging Strike 1-1: Foul Ball, location: 2F 1-2: Strikes out swinging | Batting: RHB Jeff Mason | 0-0: Ball 1-0: Swinging Strike 1-1: Ball 2-1: Ball 3-1: Foul Ball, location: 2F 3-2: Foul Ball, location: 2F 3-2: Base on Balls | Batting: RHB John James | 0-0: Ball 1-0: Foul Ball, location: 2F 1-1: Called Strike 1-2: Fly out, F8 (Flyball, 78D) | Bottom of the 7th over - 0 runs, 1 hit, 0 errors, 2 left on base; Gainesville 2 - Beaumont 0 | TOP OF THE 8TH |
---|
Gainesville Guidos batting - Pitching for Beaumont Roughnecks : RHP Cliff Wolfe | Pitching: RHP César Sánchez | | Batting: RHB Doug Coleman | 0-0: Ball 1-0: Called Strike 1-1: Swinging Strike 1-2: Ball 2-2: Strikes out swinging | Batting: LHB José Delgado | 0-0: SINGLE (Line Drive, 8LS) | Batting: RHB Augusto Baca | 0-0: Ball José Delgado is caught stealing 2nd base 1-0: Fly out, F5 (Flyball, 5D) | Top of the 8th over - 0 runs, 1 hit, 0 errors, 0 left on base; Gainesville 2 - Beaumont 0 | BOTTOM OF THE 8TH |
---|
Beaumont Roughnecks batting - Pitching for Gainesville Guidos : RHP Juan De Jesús | Batting: RHB Darwin Crane | 0-0: Foul Ball, location: 2F 0-1: Ball 1-1: Foul Ball, location: 2F 1-2: Strikes out looking | Batting: RHB Roger Rush | 0-0: Called Strike 0-1: Ball 1-1: Ball 2-1: Foul Ball, location: 2F 2-2: Strikes out swinging | Batting: RHB Si-xun Li | 0-0: Called Strike 0-1: Called Strike 0-2: Strikes out looking | Bottom of the 8th over - 0 runs, 0 hits, 0 errors, 0 left on base; Gainesville 2 - Beaumont 0 | TOP OF THE 9TH |
---|
Gainesville Guidos batting - Pitching for Beaumont Roughnecks : RHP César Sánchez | Batting: RHB Adrián López | 0-0: Swinging Strike 0-1: Foul Ball, location: 2F 0-2: Foul Ball, location: 2F 0-2: Ball 1-2: Ground out 6-3 (Groundball, 6MS) | Batting: SHB António Ramírez | 0-0: Ball 1-0: Foul Ball, location: 2F 1-1: Foul Ball, location: 2F 1-2: Fly out, F5 (Line Drive, 5S) | Batting: LHB Eddy Jefferson | 0-0: Ball 1-0: Foul Ball, location: 2F 1-1: Ground out 4-3 (Groundball, 4) | Top of the 9th over - 0 runs, 0 hits, 0 errors, 0 left on base; Gainesville 2 - Beaumont 0 | BOTTOM OF THE 9TH |
---|
Beaumont Roughnecks batting - Pitching for Gainesville Guidos : RHP Juan De Jesús | Pitching: LHP Dave Blackwell | | Batting: RHB Marvin Johnson | 0-0: Fly out, F7 (Flyball, 7S) | Batting: RHB John Wilson | 0-0: SINGLE (Groundball, 4MD) | Batting: RHB António Aguilar | 0-0: Ball 1-0: Foul Ball, location: 2F 1-1: Foul Ball, location: 2F 1-2: Grounds into double play, 4-6-3 (Groundball, 4) | Bottom of the 9th over - 0 runs, 1 hit, 0 errors, 0 left on base; Gainesville 2 - Beaumont 0 | |